2232 views
Uploaded 2022-11-19 03:43:13
Game version 1.33
75:05 long 4on4 ladder game on (8)GoldRush
Saved by GIGA
2232 views
Uploaded 2022-11-19 03:43:13
Game version 1.33
75:05 long 4on4 ladder game on (8)GoldRush


215 units @ 21.4k
/ 3.2k
280 buildings @ 25.2k
/ 12.4k
| Peasant | 63 | 4725 | / | 0 |
| total: | 63 | 4725g | / | 0w |
| Scout Tower | 118 | 3540 | / | 2360 |
| Guard Tower | 37 | 2590 | / | 1850 |
| Arcane Tower | 1 | 70 | / | 50 |
| Altar of Kings | 2 | 360 | / | 100 |
| Lumber Mill | 2 | 240 | / | 0 |
| Farm | 5 | 400 | / | 100 |
| Town Hall | 20 | 7700 | / | 4100 |
| Keep | 1 | 320 | / | 210 |
| total: | 147 | 12240g | / | 6660w |
| 0:09 | Altar of Kings |
| 0:12 | Peasant |
| 0:12 | Peasant |
| 0:12 | Peasant |
| 0:12 | Peasant |
| 0:39 | Lumber Mill |
| 0:41 | Peasant |
| 0:41 | Peasant |
| 0:52 | Peasant |
| 1:19 | Scout Tower |
| 1:19 | Scout Tower |
| 1:23 | Peasant |
| 1:23 | Peasant |
| 1:35 | Farm |
| 1:35 | Farm |
| 1:36 | Farm |
| 1:46 | Improved Lumber Harvesting |
| 2:26 | Scout Tower |
| 2:27 | Scout Tower |
| 2:28 | Scout Tower |
| 2:29 | Scout Tower |
| 2:31 | Scout Tower |
| 2:31 | Scout Tower |
| 3:01 | Guard Tower |
| 3:09 | Scout Tower |
| 3:09 | Scout Tower |
| 3:10 | Scout Tower |
| 3:11 | Scout Tower |
| 3:36 | Peasant |
| 3:36 | Peasant |
| 3:37 | Peasant |
| 3:53 | Guard Tower |
| 4:04 | Scout Tower |
| 4:06 | Scout Tower |
| 4:07 | Scout Tower |
| 4:09 | Scout Tower |
| 4:10 | Scout Tower |
| 4:12 | Scout Tower |
| 4:13 | Scout Tower |
| 4:36 | Improved Masonry |
| 5:02 | Guard Tower |
| 5:28 | Keep |
| 5:48 | Scout Tower |
| 5:49 | Scout Tower |
| 5:51 | Scout Tower |
| 5:53 | Scout Tower |
| 5:54 | Scout Tower |
| 5:55 | Scout Tower |
| 6:17 | Guard Tower |
| 6:47 | Scout Tower |
| 6:48 | Scout Tower |
| 6:49 | Scout Tower |
| 6:52 | Scout Tower |
| 6:53 | Scout Tower |
| 6:56 | Scout Tower |
| 6:56 | Scout Tower |
| 6:58 | Scout Tower |
| 6:59 | Scout Tower |
| 7:20 | Town Hall |
| 7:31 | Town Hall |
| 8:37 | Guard Tower |
| 9:05 | Advanced Lumber Harvesting |
| 9:24 | Scout Tower |
| 9:25 | Scout Tower |
| 9:25 | Scout Tower |
| 9:26 | Scout Tower |
| 9:38 | Advanced Masonry |
| 9:53 | Guard Tower |
| 9:59 | Guard Tower |
| 10:31 | Scout Tower |
| 10:31 | Scout Tower |
| 10:32 | Scout Tower |
| 10:33 | Scout Tower |
| 10:46 | Guard Tower |
| 11:04 | Town Hall |
| 11:57 | Guard Tower |
| 12:00 | Guard Tower |
| 12:05 | Scout Tower |
| 12:06 | Scout Tower |
| 12:08 | Scout Tower |
| 12:11 | Scout Tower |
| 12:12 | Scout Tower |
| 12:13 | Scout Tower |
| 12:18 | Peasant |
| 12:18 | Peasant |
| 12:18 | Peasant |
| 12:31 | Town Hall |
| 13:08 | Town Hall |
| 14:20 | Guard Tower |
| 14:29 | Scout Tower |
| 14:33 | Scout Tower |
| 14:33 | Scout Tower |
| 14:34 | Scout Tower |
| 14:38 | Scout Tower |
| 14:39 | Scout Tower |
| 14:40 | Scout Tower |
| 14:40 | Scout Tower |
| 15:00 | Scout Tower |
| 15:01 | Scout Tower |
| 15:04 | Scout Tower |
| 15:09 | Scout Tower |
| 15:20 | Scout Tower |
| 15:21 | Scout Tower |
| 16:20 | Peasant |
| 16:20 | Peasant |
| 16:21 | Peasant |
| 16:31 | Guard Tower |
| 16:38 | Scout Tower |
| 16:40 | Scout Tower |
| 16:40 | Scout Tower |
| 16:51 | Peasant |
| 16:51 | Peasant |
| 16:52 | Peasant |
| 16:54 | Peasant |
| 16:59 | Peasant |
| 16:59 | Peasant |
| 17:06 | Scout Tower |
| 17:07 | Scout Tower |
| 17:08 | Scout Tower |
| 17:11 | Guard Tower |
| 17:30 | Guard Tower |
| 17:35 | Guard Tower |
| 17:38 | Scout Tower |
| 17:39 | Scout Tower |
| 17:40 | Scout Tower |
| 17:41 | Scout Tower |
| 17:47 | Guard Tower |
| 17:55 | Scout Tower |
| 17:55 | Scout Tower |
| 17:57 | Scout Tower |
| 17:58 | Scout Tower |
| 18:27 | Guard Tower |
| 18:32 | Guard Tower |
| 18:43 | Guard Tower |
| 18:57 | Scout Tower |
| 18:59 | Scout Tower |
| 19:02 | Scout Tower |
| 19:23 | Guard Tower |
| 20:13 | Scout Tower |
| 20:14 | Scout Tower |
| 20:15 | Scout Tower |
| 20:24 | Guard Tower |
| 20:35 | Scout Tower |
| 20:36 | Scout Tower |
| 20:37 | Scout Tower |
| 20:39 | Scout Tower |
| 20:40 | Scout Tower |
| 20:41 | Scout Tower |
| 21:43 | Guard Tower |
| 21:50 | Lumber Mill |
| 24:19 | Town Hall |
| 27:24 | Peasant |
| 27:24 | Peasant |
| 27:24 | Peasant |
| 27:24 | Peasant |
| 27:25 | Peasant |
| 27:25 | Peasant |
| 27:25 | Peasant |
| 28:30 | Town Hall |
| 29:38 | Scout Tower |
| 29:39 | Scout Tower |
| 29:40 | Scout Tower |
| 29:42 | Scout Tower |
| 29:42 | Scout Tower |
| 29:43 | Scout Tower |
| 29:44 | Scout Tower |
| 31:35 | Guard Tower |
| 32:07 | Peasant |
| 32:07 | Peasant |
| 32:07 | Peasant |
| 32:18 | Guard Tower |
| 33:31 | Guard Tower |
| 33:44 | Scout Tower |
| 33:45 | Scout Tower |
| 33:46 | Scout Tower |
| 33:46 | Scout Tower |
| 35:40 | Guard Tower |
| 36:02 | Town Hall |
| 39:35 | Farm |
| 39:35 | Farm |
| 41:01 | Town Hall |
| 41:08 | Peasant |
| 41:08 | Peasant |
| 41:08 | Peasant |
| 41:37 | Peasant |
| 41:37 | Peasant |
| 42:48 | Scout Tower |
| 42:55 | Town Hall |
| 42:59 | Town Hall |
| 43:14 | Town Hall |
| 43:22 | Arcane Tower |
| 43:23 | Guard Tower |
| 43:28 | Scout Tower |
| 43:55 | Guard Tower |
| 46:31 | Peasant |
| 46:31 | Peasant |
| 46:32 | Peasant |
| 46:32 | Peasant |
| 46:32 | Peasant |
| 46:57 | Peasant |
| 46:57 | Peasant |
| 46:57 | Peasant |
| 47:34 | Town Hall |
| 48:18 | Town Hall |
| 49:40 | Scout Tower |
| 49:41 | Scout Tower |
| 49:42 | Scout Tower |
| 49:43 | Scout Tower |
| 49:43 | Scout Tower |
| 50:37 | Scout Tower |
| 50:51 | Peasant |
| 50:51 | Peasant |
| 50:51 | Peasant |
| 51:04 | Guard Tower |
| 51:22 | Scout Tower |
| 51:43 | Scout Tower |
| 51:53 | Scout Tower |
| 51:57 | Guard Tower |
| 52:23 | Guard Tower |
| 54:44 | Peasant |
| 54:44 | Peasant |
| 54:45 | Peasant |
| 54:45 | Peasant |
| 55:54 | Scout Tower |
| 56:11 | Scout Tower |
| 56:30 | Scout Tower |
| 56:37 | Guard Tower |
| 57:00 | Guard Tower |
| 57:03 | Scout Tower |
| 57:07 | Guard Tower |
| 57:14 | Altar of Kings |
| 57:40 | Guard Tower |
| 58:37 | Town Hall |
| 60:22 | Town Hall |
| 61:53 | Peasant |
| 62:39 | Town Hall |
| 63:38 | Scout Tower |
| 63:47 | Town Hall |
| 64:31 | Guard Tower |
| 65:21 | Town Hall |
| 70:00 | Peasant |
| 70:02 | Peasant |
| 70:24 | Peasant |
| 70:24 | Peasant |
| 70:40 | Peasant |
| 70:40 | Peasant |
| 71:11 | Peasant |
| 71:11 | Peasant |
| 71:33 | Scout Tower |
| 71:40 | Scout Tower |
| 72:07 | Guard Tower |
| 72:10 | Scout Tower |
| 72:26 | Town Hall |
| Chat | 1014 |
| Right click | 428 |
| Select | 400 |
| Build/train/purchase | 120 |
| Minimap ping | 93 |
| Select group | 41 |
| Resource trade | 11 |
| Remove unit | 8 |
| Assign group | 3 |
| Use ability | 2 |
| Misc. action | 1 |
DudeWhy
(236)
(74:37) : 


| Boots of Speed | 5 | 1250 |
| Orb of Lightning | 1 | 375 |
| total: | 6 | 1625g |
| Peasant | 33 | 2475 | / | 0 |
| Mortar Team | 19 | 3420 | / | 1330 |
| Flying Machine | 2 | 200 | / | 60 |
| total: | 54 | 6095g | / | 1390w |
| Scout Tower | 47 | 1410 | / | 940 |
| Arcane Tower | 2 | 140 | / | 100 |
| Guard Tower | 11 | 770 | / | 550 |
| Altar of Kings | 3 | 540 | / | 150 |
| Farm | 14 | 1120 | / | 280 |
| Lumber Mill | 1 | 120 | / | 0 |
| Town Hall | 5 | 1925 | / | 1025 |
| Blacksmith | 1 | 140 | / | 60 |
| Arcane Vault | 2 | 260 | / | 60 |
| Cannon Tower | 1 | 120 | / | 100 |
| Workshop | 4 | 560 | / | 560 |
| Keep | 1 | 320 | / | 210 |
| Castle | 1 | 360 | / | 210 |
| total: | 77 | 6075g | / | 3075w |
| 0:03 | Peasant |
| 0:19 | Altar of Kings |
| 0:23 | Farm |
| 0:24 | Peasant |
| 0:24 | Peasant |
| 0:30 | Peasant |
| 0:40 | Peasant |
| 0:54 | Peasant |
| 1:03 | Farm |
| 1:08 | Scout Tower |
| 1:09 | Peasant |
| 1:18 | Peasant |
| 1:30 | Farm |
| 1:36 | Peasant |
| 1:46 | Peasant |
| 1:47 | Arcane Tower |
| 1:56 | Peasant |
| 2:05 | Peasant |
| 2:09 | Scout Tower |
| 2:12 | Lumber Mill |
| 2:20 | Peasant |
| 2:27 | Storm Bolt |
| 2:42 | Scout Tower |
| 2:45 | Scout Tower |
| 2:46 | Scout Tower |
| 2:47 | Scout Tower |
| 2:52 | Guard Tower |
| 2:53 | Peasant |
| 2:56 | Improved Lumber Harvesting |
| 3:00 | Improved Masonry |
| 3:26 | Guard Tower |
| 3:29 | Scout Tower |
| 3:30 | Scout Tower |
| 3:41 | Storm Bolt |
| 3:42 | Storm Bolt |
| 4:16 | Town Hall |
| 4:25 | Town Hall |
| 4:34 | Guard Tower |
| 4:46 | Guard Tower |
| 4:48 | Scout Tower |
| 4:50 | Scout Tower |
| 5:13 | Guard Tower |
| 5:31 | Guard Tower |
| 5:49 | Peasant |
| 6:03 | Peasant |
| 6:08 | Keep |
| 6:21 | Peasant |
| 6:21 | Peasant |
| 7:46 | Farm |
| 7:51 | Farm |
| 7:52 | Farm |
| 8:11 | Bash |
| 9:06 | Advanced Lumber Harvesting |
| 9:07 | Advanced Masonry |
| 9:18 | Castle |
| 9:31 | Blacksmith |
| 10:23 | Bash |
| 10:28 | Bash |
| 10:30 | Holy Light |
| 10:32 | Holy Light |
| 12:43 | Imbued Masonry |
| 13:45 | Black Gunpowder |
| 13:49 | Workshop |
| 14:39 | Fragmentation Shards |
| 14:40 | Flare |
| 14:40 | Mortar Team |
| 14:40 | Mortar Team |
| 16:51 | Town Hall |
| 17:09 | Town Hall |
| 17:22 | Farm |
| 17:23 | Farm |
| 17:24 | Farm |
| 17:44 | Refined Gunpowder |
| 18:18 | Scout Tower |
| 18:19 | Scout Tower |
| 18:20 | Scout Tower |
| 18:20 | Scout Tower |
| 18:21 | Scout Tower |
| 18:21 | Scout Tower |
| 18:29 | Peasant |
| 18:29 | Peasant |
| 18:29 | Peasant |
| 18:30 | Peasant |
| 18:30 | Peasant |
| 18:30 | Peasant |
| 18:41 | Scout Tower |
| 18:43 | Scout Tower |
| 18:45 | Scout Tower |
| 18:54 | Scout Tower |
| 18:56 | Scout Tower |
| 18:57 | Peasant |
| 18:58 | Peasant |
| 19:04 | Guard Tower |
| 19:26 | Mortar Team |
| 19:26 | Mortar Team |
| 20:02 | Scout Tower |
| 20:03 | Scout Tower |
| 20:03 | Scout Tower |
| 20:04 | Scout Tower |
| 20:05 | Scout Tower |
| 20:06 | Scout Tower |
| 20:06 | Scout Tower |
| 20:07 | Scout Tower |
| 20:17 | Divine Shield |
| 20:18 | Divine Shield |
| 21:03 | Guard Tower |
| 21:07 | Scout Tower |
| 21:08 | Scout Tower |
| 21:09 | Scout Tower |
| 21:09 | Scout Tower |
| 21:40 | Guard Tower |
| 21:48 | Scout Tower |
| 21:48 | Scout Tower |
| 21:50 | Scout Tower |
| 21:50 | Scout Tower |
| 21:57 | Guard Tower |
| 22:19 | Guard Tower |
| 22:22 | Scout Tower |
| 22:23 | Scout Tower |
| 22:24 | Scout Tower |
| 22:25 | Scout Tower |
| 22:27 | Scout Tower |
| 22:28 | Scout Tower |
| 22:30 | Scout Tower |
| 22:30 | Scout Tower |
| 22:38 | Cannon Tower |
| 22:56 | Scout Tower |
| 22:57 | Scout Tower |
| 23:18 | Altar of Kings |
| 23:29 | Storm Bolt |
| 23:31 | Storm Bolt |
| 24:06 | Arcane Tower |
| 25:53 | Farm |
| 25:55 | Farm |
| 25:57 | Farm |
| 26:08 | Farm |
| 26:08 | Farm |
| 26:30 | Storm Bolt |
| 27:37 | Brilliance Aura |
| 30:02 | Boots of Speed |
| 30:02 | Boots of Speed |
| 31:27 | Holy Light |
| 32:00 | Mortar Team |
| 32:00 | Mortar Team |
| 32:01 | Mortar Team |
| 34:15 | Holy Light |
| 34:18 | Bash |
| 36:17 | Peasant |
| 36:17 | Peasant |
| 36:17 | Peasant |
| 36:18 | Peasant |
| 37:17 | Boots of Speed |
| 37:17 | Boots of Speed |
| 41:34 | Mortar Team |
| 41:34 | Mortar Team |
| 41:35 | Mortar Team |
| 43:49 | Town Hall |
| 44:00 | Flying Machine |
| 44:00 | Flying Machine |
| 45:00 | Altar of Kings |
| 45:03 | Peasant |
| 45:03 | Peasant |
| 45:03 | Peasant |
| 51:06 | Mortar Team |
| 51:06 | Mortar Team |
| 51:06 | Mortar Team |
| 52:01 | Workshop |
| 52:03 | Workshop |
| 52:06 | Workshop |
| 52:46 | Mortar Team |
| 52:47 | Mortar Team |
| 53:16 | Mortar Team |
| 53:16 | Mortar Team |
| 53:16 | Mortar Team |
| 53:31 | Mortar Team |
| 58:57 | Holy Light |
| 59:22 | Summon Water Elemental |
| 61:50 | Orb of Lightning |
| 63:06 | Avatar |
| 63:08 | Holy Light |
| 63:10 | Avatar |
| 63:49 | Arcane Vault |
| 63:51 | Arcane Vault |
| 67:20 | Resurrection |
| 68:05 | Boots of Speed |
| 70:17 | Avatar |
| Right click | 2963 |
| Select group | 1731 |
| Select | 811 |
| Use ability | 262 |
| Misc. action | 223 |
| Build/train/purchase | 165 |
| Resource trade | 138 |
| Assign group | 52 |
| Minimap ping | 19 |
| Item give/drop | 8 |
| Esc | 2 |
| Remove unit | 1 |

| Peasant | 10 | 750 | / | 0 |
| Mortar Team | 3 | 540 | / | 210 |
| Dragonhawk Rider | 9 | 1800 | / | 270 |
| Flying Machine | 34 | 3400 | / | 1020 |
| total: | 56 | 6490g | / | 1500w |
| Scout Tower | 6 | 180 | / | 120 |
| Arcane Tower | 1 | 70 | / | 50 |
| Guard Tower | 4 | 280 | / | 200 |
| Altar of Kings | 2 | 360 | / | 100 |
| Farm | 22 | 1760 | / | 440 |
| Lumber Mill | 2 | 240 | / | 0 |
| Blacksmith | 2 | 280 | / | 120 |
| Arcane Vault | 2 | 260 | / | 60 |
| Workshop | 3 | 420 | / | 420 |
| Gryphon Aviary | 1 | 140 | / | 150 |
| Keep | 1 | 320 | / | 210 |
| Castle | 1 | 360 | / | 210 |
| total: | 40 | 3640g | / | 1410w |
| 0:04 | Altar of Kings |
| 0:07 | Farm |
| 0:09 | Peasant |
| 0:09 | Peasant |
| 0:26 | Peasant |
| 0:40 | Peasant |
| 0:48 | Farm |
| 0:53 | Lumber Mill |
| 0:58 | Peasant |
| 1:21 | Peasant |
| 1:30 | Scout Tower |
| 1:33 | Peasant |
| 1:46 | Blacksmith |
| 1:54 | Peasant |
| 1:57 | Peasant |
| 1:58 | Peasant |
| 2:03 | Arcane Tower |
| 2:35 | Improved Masonry |
| 2:55 | Keep |
| 3:02 | Black Gunpowder |
| 3:06 | Farm |
| 3:11 | Scout Tower |
| 3:17 | Scout Tower |
| 3:33 | Improved Lumber Harvesting |
| 3:49 | Guard Tower |
| 3:53 | Scout Tower |
| 3:58 | Iron Plating |
| 4:02 | Studded Leather Armor |
| 4:11 | Blacksmith |
| 4:13 | Farm |
| 4:21 | Scout Tower |
| 4:25 | Guard Tower |
| 5:01 | Farm |
| 5:04 | Guard Tower |
| 5:08 | Scout Tower |
| 5:16 | Castle |
| 5:20 | Advanced Masonry |
| 5:27 | Refined Gunpowder |
| 5:31 | Workshop |
| 5:37 | Workshop |
| 5:44 | Guard Tower |
| 6:02 | Workshop |
| 6:22 | Holy Light |
| 6:26 | Steel Plating |
| 6:36 | Gryphon Aviary |
| 6:49 | Advanced Lumber Harvesting |
| 6:56 | Flak Cannons |
| 6:58 | Flare |
| 7:02 | Reinforced Leather Armor |
| 7:37 | Imbued Gunpowder |
| 7:51 | Farm |
| 7:55 | Lumber Mill |
| 8:02 | Flying Machine Bombs |
| 8:03 | Fragmentation Shards |
| 8:04 | Mortar Team |
| 8:11 | Arcane Vault |
| 8:15 | Arcane Vault |
| 8:19 | Mithril Plating |
| 8:25 | Imbued Masonry |
| 8:41 | Mortar Team |
| 8:47 | Mortar Team |
| 9:24 | Dragonhide Armor |
| 9:30 | Farm |
| 9:35 | Farm |
| 9:42 | Cloud |
| 10:16 | Farm |
| 10:20 | Farm |
| 10:43 | Farm |
| 10:44 | Farm |
| 10:46 | Farm |
| 10:46 | Farm |
| 11:21 | Dragonhawk Rider |
| 11:23 | Dragonhawk Rider |
| 11:23 | Dragonhawk Rider |
| 11:47 | Flying Machine |
| 11:48 | Flying Machine |
| 11:48 | Flying Machine |
| 11:48 | Flying Machine |
| 11:48 | Flying Machine |
| 11:48 | Flying Machine |
| 11:48 | Flying Machine |
| 12:50 | Flying Machine |
| 12:50 | Flying Machine |
| 12:50 | Flying Machine |
| 12:51 | Flying Machine |
| 13:32 | Flying Machine |
| 16:38 | Farm |
| 16:41 | Farm |
| 18:11 | Dragonhawk Rider |
| 18:11 | Dragonhawk Rider |
| 20:34 | Flying Machine |
| 20:34 | Flying Machine |
| 28:42 | Flying Machine |
| 28:44 | Flying Machine |
| 28:44 | Flying Machine |
| 28:46 | Flying Machine |
| 28:47 | Flying Machine |
| 28:48 | Flying Machine |
| 28:48 | Flying Machine |
| 29:07 | Dragonhawk Rider |
| 29:08 | Dragonhawk Rider |
| 32:39 | Flying Machine |
| 40:00 | Dragonhawk Rider |
| 40:08 | Divine Shield |
| 48:29 | Farm |
| 48:36 | Farm |
| 48:48 | Farm |
| 49:16 | Farm |
| 49:16 | Farm |
| 49:23 | Farm |
| 51:03 | Altar of Kings |
| 51:14 | Flying Machine |
| 51:14 | Flying Machine |
| 51:15 | Flying Machine |
| 51:15 | Flying Machine |
| 53:03 | Flying Machine |
| 53:04 | Flying Machine |
| 53:12 | Dragonhawk Rider |
| 67:34 | Flying Machine |
| 67:35 | Flying Machine |
| 67:35 | Flying Machine |
| 67:35 | Flying Machine |
| 68:21 | Flying Machine |
| 68:22 | Flying Machine |
| Right click | 2118 |
| Select group | 2031 |
| Select | 509 |
| Build/train/purchase | 120 |
| Chat | 98 |
| Assign group | 50 |
| Use ability | 35 |
| Misc. action | 7 |
| Minimap ping | 6 |
| Remove unit | 4 |
| Resource trade | 4 |
GIGA
(207)
(74:41) : 

x1)
| Healing Salve | 2 | 200 |
| Lesser Clarity Potion | 9 | 630 |
| Tiny Great Hall | 1 | 600 |
| Orb of Lightning | 1 | 375 |
| Potion of Mana | 6 | 1200 |
| Boots of Speed | 2 | 500 |
| Staff of Teleportation | 2 | 300 |
| Tome of Retraining | 1 | 300 |
| Periapt of Vitality | 1 | 325 |
| Circlet of Nobility | 1 | 175 |
| total: | 26 | 4605g |
| Peon | 29 | 2175 | / | 0 |
| Troll Witch Doctor | 13 | 1885 | / | 325 |
| total: | 42 | 4060g | / | 325w |
| Watch Tower | 1 | 110 | / | 80 |
| Altar of Storms | 2 | 360 | / | 100 |
| Orc Burrow | 4 | 640 | / | 160 |
| War Mill | 2 | 410 | / | 0 |
| Voodoo Lounge | 2 | 260 | / | 60 |
| Great Hall | 3 | 1155 | / | 555 |
| Spirit Lodge | 2 | 300 | / | 300 |
| Stronghold | 1 | 315 | / | 190 |
| Fortress | 1 | 325 | / | 190 |
| total: | 16 | 3235g | / | 1255w |
| 0:02 | Peon |
| 0:02 | Peon |
| 0:08 | Altar of Storms |
| 0:11 | Orc Burrow |
| 0:19 | Peon |
| 0:24 | Peon |
| 0:52 | War Mill |
| 0:55 | Peon |
| 1:09 | Peon |
| 1:16 | Voodoo Lounge |
| 1:31 | Peon |
| 1:39 | Orc Burrow |
| 1:45 | Peon |
| 2:02 | Peon |
| 2:02 | Peon |
| 2:10 | Peon |
| 2:21 | Healing Salve |
| 2:22 | Lesser Clarity Potion |
| 2:26 | Wind Walk |
| 2:28 | Peon |
| 3:03 | Peon |
| 3:03 | Peon |
| 3:04 | Peon |
| 4:51 | Great Hall |
| 6:12 | Spiked Barricades |
| 7:18 | Voodoo Lounge |
| 7:55 | Critical Strike |
| 8:05 | Stronghold |
| 8:08 | Orc Burrow |
| 9:19 | Boots of Speed |
| 9:20 | Staff of Teleportation |
| 10:29 | Fortress |
| 10:35 | Spirit Lodge |
| 10:40 | Spirit Lodge |
| 10:43 | Lesser Clarity Potion |
| 11:52 | Wind Walk |
| 12:02 | Orc Burrow |
| 12:15 | Reinforced Defenses |
| 13:27 | Peon |
| 13:27 | Peon |
| 13:59 | Tiny Great Hall |
| 14:02 | Orb of Lightning |
| 15:29 | Witch Doctor Adept Training |
| 15:41 | Healing Salve |
| 15:45 | Lesser Clarity Potion |
| 15:49 | Peon |
| 15:49 | Peon |
| 15:49 | Peon |
| 15:49 | Peon |
| 15:49 | Peon |
| 16:44 | Witch Doctor Master Training |
| 17:08 | War Mill |
| 17:31 | Great Hall |
| 18:12 | Critical Strike |
| 19:31 | Troll Witch Doctor |
| 19:31 | Troll Witch Doctor |
| 19:31 | Troll Witch Doctor |
| 19:32 | Troll Witch Doctor |
| 20:24 | Peon |
| 20:24 | Peon |
| 20:24 | Peon |
| 20:25 | Peon |
| 20:31 | Great Hall |
| 20:47 | Critical Strike |
| 23:03 | Divine Shield |
| 24:08 | Potion of Mana |
| 24:11 | Lesser Clarity Potion |
| 25:21 | Bladestorm |
| 26:01 | Peon |
| 26:01 | Peon |
| 26:02 | Peon |
| 27:02 | Watch Tower |
| 27:23 | Wind Walk |
| 31:58 | Mirror Image |
| 32:12 | Potion of Mana |
| 32:15 | Lesser Clarity Potion |
| 32:59 | Holy Light |
| 36:33 | Troll Witch Doctor |
| 36:33 | Troll Witch Doctor |
| 36:33 | Troll Witch Doctor |
| 36:33 | Troll Witch Doctor |
| 37:39 | Mirror Image |
| 40:00 | Blizzard |
| 41:20 | Potion of Mana |
| 41:23 | Lesser Clarity Potion |
| 44:27 | Mirror Image |
| 45:25 | Divine Shield |
| 46:01 | Bash |
| 46:05 | Divine Shield |
| 49:17 | Potion of Mana |
| 49:20 | Lesser Clarity Potion |
| 49:49 | Bash |
| 51:53 | Potion of Mana |
| 51:55 | Lesser Clarity Potion |
| 54:46 | Troll Witch Doctor |
| 54:46 | Troll Witch Doctor |
| 54:46 | Troll Witch Doctor |
| 55:52 | Storm Bolt |
| 55:54 | Storm Bolt |
| 55:55 | Storm Bolt |
| 59:58 | Tome of Retraining |
| 59:58 | Retrain Hero |
| 60:02 | Brilliance Aura |
| 60:03 | Blizzard |
| 61:33 | Altar of Storms |
| 61:53 | Potion of Mana |
| 61:56 | Lesser Clarity Potion |
| 62:09 | Troll Witch Doctor |
| 62:09 | Troll Witch Doctor |
| 64:16 | Hex |
| 67:15 | Healing Wave |
| 67:50 | Boots of Speed |
| 67:51 | Staff of Teleportation |
| 67:51 | Periapt of Vitality |
| 67:51 | Circlet of Nobility |
| 71:05 | Holy Light |
| 74:01 | Resurrection |
| 74:14 | Hex |
| 74:41 | Bash |
| Right click | 5873 |
| Select | 444 |
| Build/train/purchase | 391 |
| Select group | 268 |
| Resource trade | 96 |
| Use ability | 58 |
| Minimap ping | 26 |
| Chat | 15 |
| Item give/drop | 9 |
| Misc. action | 6 |
| Esc | 4 |
| Assign group | 2 |
427 units @ 53.5k
/ 11.2k
210 buildings @ 26.2k
/ 13.1k


| Lesser Clarity Potion | 8 | 560 |
| Healing Salve | 10 | 1000 |
| Potion of Mana | 2 | 400 |
| Potion of Healing | 2 | 300 |
| Orb of Lightning | 1 | 375 |
| Scroll of Town Portal | 12 | 4200 |
| Scroll of Protection | 1 | 150 |
| Circlet of Nobility | 1 | 175 |
| Staff of Teleportation | 2 | 300 |
| Scroll of Regeneration | 2 | 200 |
| total: | 41 | 7660g |
| Peon | 38 | 2850 | / | 0 |
| Grunt | 4 | 800 | / | 0 |
| Troll Headhunter | 6 | 840 | / | 120 |
| Demolisher | 12 | 2640 | / | 600 |
| Troll Batrider | 12 | 1920 | / | 480 |
| Kodo Beast | 2 | 510 | / | 120 |
| Shaman | 9 | 1170 | / | 180 |
| Wind Rider | 6 | 1590 | / | 240 |
| Tauren | 1 | 280 | / | 80 |
| total: | 90 | 12600g | / | 1820w |
| Watch Tower | 22 | 2420 | / | 1760 |
| Barracks | 2 | 360 | / | 100 |
| Altar of Storms | 1 | 180 | / | 50 |
| Orc Burrow | 8 | 1280 | / | 320 |
| War Mill | 4 | 820 | / | 0 |
| Voodoo Lounge | 3 | 390 | / | 90 |
| Great Hall | 10 | 3850 | / | 1850 |
| Beastiary | 4 | 580 | / | 560 |
| Spirit Lodge | 2 | 300 | / | 300 |
| Tauren Totem | 1 | 135 | / | 155 |
| Stronghold | 2 | 630 | / | 380 |
| Fortress | 2 | 650 | / | 380 |
| total: | 57 | 10315g | / | 5185w |
| 0:04 | Peon |
| 0:13 | Barracks |
| 0:17 | Altar of Storms |
| 0:18 | Peon |
| 0:19 | Peon |
| 0:35 | Orc Burrow |
| 1:19 | Grunt |
| 1:33 | War Mill |
| 1:46 | Orc Burrow |
| 1:55 | Grunt |
| 2:05 | Peon |
| 2:25 | Voodoo Lounge |
| 2:28 | Feral Spirit |
| 3:17 | Voodoo Lounge |
| 3:28 | Peon |
| 3:28 | Peon |
| 3:39 | Grunt |
| 3:42 | Peon |
| 4:33 | Great Hall |
| 4:36 | Lesser Clarity Potion |
| 4:37 | Scroll of Regeneration |
| 4:37 | Lesser Clarity Potion |
| 5:34 | Chain Lighting |
| 5:48 | Stronghold |
| 5:50 | Troll Headhunter |
| 6:00 | Barracks |
| 6:06 | Watch Tower |
| 6:12 | Troll Headhunter |
| 6:29 | Troll Headhunter |
| 6:31 | Steel Armor |
| 7:27 | Feral Spirit |
| 7:37 | Orc Burrow |
| 7:39 | Steel Ranged Weapons |
| 8:19 | Reinforced Defenses |
| 8:23 | War Mill |
| 8:24 | Peon |
| 8:24 | Peon |
| 8:25 | Peon |
| 9:00 | Healing Salve |
| 9:01 | Demolisher |
| 9:12 | Peon |
| 9:16 | Peon |
| 9:16 | Peon |
| 9:16 | Peon |
| 9:16 | Peon |
| 9:32 | Potion of Mana |
| 9:36 | Endurance Aura |
| 9:40 | Lesser Clarity Potion |
| 9:48 | Scroll of Town Portal |
| 10:43 | Fortress |
| 10:45 | Thorium Ranged Weapons |
| 10:48 | Beastiary |
| 11:01 | War Stomp |
| 11:28 | Spirit Lodge |
| 11:59 | Chain Lighting |
| 12:15 | Thorium Armor |
| 12:19 | Orc Burrow |
| 12:30 | Healing Salve |
| 12:39 | Healing Salve |
| 12:39 | Lesser Clarity Potion |
| 12:49 | Potion of Healing |
| 13:01 | Orc Burrow |
| 13:04 | Shaman Adept Training |
| 13:08 | Spirit Lodge |
| 13:14 | Demolisher |
| 13:17 | Troll Batrider |
| 13:19 | Kodo Beast |
| 13:42 | Tauren Totem |
| 13:44 | Demolisher |
| 15:45 | Orc Burrow |
| 15:47 | Watch Tower |
| 15:49 | Orc Burrow |
| 16:08 | Great Hall |
| 16:10 | Endurance Aura |
| 16:20 | Watch Tower |
| 16:40 | Orc Burrow |
| 16:45 | Watch Tower |
| 16:47 | Troll Headhunter |
| 16:52 | Watch Tower |
| 16:58 | Spiked Barricades |
| 17:02 | Watch Tower |
| 17:03 | Peon |
| 17:04 | Peon |
| 17:13 | Peon |
| 17:33 | Scroll of Town Portal |
| 17:54 | Watch Tower |
| 17:55 | Shaman |
| 18:45 | Great Hall |
| 19:08 | Shaman |
| 20:14 | Voodoo Lounge |
| 20:16 | Watch Tower |
| 20:18 | Peon |
| 20:18 | Peon |
| 20:25 | Stronghold |
| 20:27 | Troll Headhunter |
| 20:34 | Watch Tower |
| 21:01 | Scroll of Town Portal |
| 21:44 | Watch Tower |
| 22:46 | Great Hall |
| 22:55 | Peon |
| 22:55 | Peon |
| 23:15 | Watch Tower |
| 23:17 | Watch Tower |
| 23:24 | Watch Tower |
| 24:41 | Watch Tower |
| 24:44 | Scroll of Town Portal |
| 25:37 | Troll Headhunter |
| 25:53 | Beastiary |
| 25:57 | Shaman |
| 26:03 | Watch Tower |
| 26:51 | Pillage |
| 27:01 | Watch Tower |
| 27:27 | Steel Melee Weapons |
| 27:32 | Beastiary |
| 27:43 | Grunt |
| 27:55 | Watch Tower |
| 28:07 | Fortress |
| 28:32 | Healing Salve |
| 28:41 | Healing Salve |
| 28:55 | Shaman |
| 28:57 | Wind Rider |
| 29:05 | Lesser Clarity Potion |
| 29:26 | Great Hall |
| 29:43 | Shaman |
| 29:53 | Wind Rider |
| 30:35 | Scroll of Town Portal |
| 30:37 | Scroll of Protection |
| 30:42 | Scroll of Town Portal |
| 30:46 | Circlet of Nobility |
| 31:36 | Shaman Master Training |
| 31:38 | Demolisher |
| 31:39 | Burning Oil |
| 31:41 | Arcanite Ranged Weapons |
| 32:24 | Kodo Beast |
| 32:56 | Demolisher |
| 33:23 | War Mill |
| 33:32 | War Drums Damage Increase |
| 33:43 | Shaman |
| 33:49 | Healing Salve |
| 34:44 | Great Hall |
| 36:20 | Great Hall |
| 36:24 | Watch Tower |
| 36:29 | Watch Tower |
| 36:33 | Watch Tower |
| 37:09 | Great Hall |
| 37:15 | Great Hall |
| 37:28 | Improved Spiked Barricades |
| 37:46 | Scroll of Town Portal |
| 39:57 | Peon |
| 40:23 | Peon |
| 41:06 | Troll Batrider |
| 41:12 | Peon |
| 41:16 | Peon |
| 41:29 | Troll Batrider |
| 41:44 | Troll Batrider |
| 43:14 | Troll Batrider |
| 43:15 | Demolisher |
| 43:16 | Troll Batrider |
| 43:19 | Arcanite Armor |
| 43:21 | Peon |
| 43:55 | Scroll of Town Portal |
| 44:17 | Troll Batrider |
| 44:21 | Peon |
| 44:56 | Beastiary |
| 44:57 | Troll Batrider |
| 45:27 | Demolisher |
| 46:09 | Troll Batrider |
| 46:14 | Watch Tower |
| 46:21 | Demolisher |
| 46:34 | Peon |
| 46:52 | Scroll of Regeneration |
| 47:11 | Liquid Fire |
| 47:12 | Troll Batrider |
| 47:57 | Peon |
| 48:30 | War Mill |
| 48:39 | Healing Salve |
| 48:48 | Shaman |
| 48:50 | Orb of Lightning |
| 49:03 | Shaman |
| 49:07 | Potion of Healing |
| 49:23 | Scroll of Town Portal |
| 49:29 | Lesser Clarity Potion |
| 49:38 | Demolisher |
| 49:53 | Peon |
| 50:01 | Wind Rider |
| 50:06 | Demolisher |
| 50:26 | Demolisher |
| 50:53 | War Stomp |
| 50:56 | Chain Lighting |
| 51:43 | Wind Rider |
| 51:47 | Shaman |
| 51:50 | Healing Salve |
| 52:16 | Scroll of Town Portal |
| 54:44 | Great Hall |
| 54:47 | Envenomed Spears |
| 54:48 | Wind Rider |
| 54:55 | Scroll of Town Portal |
| 55:03 | Lesser Clarity Potion |
| 55:11 | Potion of Mana |
| 55:18 | Scroll of Town Portal |
| 55:47 | Peon |
| 57:07 | Peon |
| 57:16 | Troll Batrider |
| 58:11 | Healing Salve |
| 58:49 | Watch Tower |
| 59:55 | Peon |
| 59:55 | Peon |
| 61:15 | Wind Rider |
| 61:17 | Demolisher |
| 61:29 | Tauren |
| 61:53 | Troll Batrider |
| 62:36 | Staff of Teleportation |
| 63:08 | Lesser Clarity Potion |
| 65:59 | Endurance Aura |
| 68:18 | Peon |
| 68:47 | Healing Salve |
| 70:04 | Peon |
| 70:27 | Peon |
| 72:55 | Staff of Teleportation |
| Select | 1606 |
| Right click | 1317 |
| Misc. action | 712 |
| Build/train/purchase | 237 |
| Use ability | 126 |
| Item give/drop | 13 |
| Minimap ping | 2 |
| Remove unit | 1 |
⇛
RupertGalani
(74:26) : 

| Scroll of Regeneration | 9 | 900 |
| Orb of Fire | 2 | 650 |
| Lesser Clarity Potion | 8 | 560 |
| Potion of Healing | 4 | 600 |
| Potion of Mana | 1 | 200 |
| Dust of Appearance | 2 | 150 |
| Scroll of Town Portal | 6 | 2100 |
| Periapt of Vitality | 1 | 325 |
| Boots of Speed | 1 | 250 |
| Staff of Teleportation | 1 | 150 |
| Potion of Lesser Invulnerability | 2 | 300 |
| total: | 37 | 6185g |
| Peasant | 47 | 3525 | / | 0 |
| Footman | 4 | 540 | / | 0 |
| Flying Machine | 45 | 4500 | / | 1350 |
| Knight | 9 | 2205 | / | 540 |
| Priest | 3 | 405 | / | 30 |
| Siege Engine | 8 | 1560 | / | 480 |
| Mortar Team | 3 | 540 | / | 210 |
| Gryphon Rider | 7 | 1960 | / | 490 |
| total: | 126 | 15235g | / | 3100w |
| Scout Tower | 69 | 2070 | / | 1380 |
| Arcane Tower | 4 | 280 | / | 200 |
| Guard Tower | 41 | 2870 | / | 2050 |
| Altar of Kings | 1 | 180 | / | 50 |
| Farm | 14 | 1120 | / | 280 |
| Lumber Mill | 1 | 120 | / | 0 |
| Barracks | 1 | 160 | / | 60 |
| Arcane Vault | 1 | 130 | / | 30 |
| Town Hall | 9 | 3465 | / | 1845 |
| Blacksmith | 1 | 140 | / | 60 |
| Workshop | 1 | 140 | / | 140 |
| Arcane Sanctum | 1 | 150 | / | 140 |
| Gryphon Aviary | 2 | 280 | / | 300 |
| Keep | 1 | 320 | / | 210 |
| Castle | 1 | 360 | / | 210 |
| total: | 101 | 7955g | / | 4285w |
| 0:02 | Peasant |
| 0:02 | Peasant |
| 0:02 | Peasant |
| 0:18 | Altar of Kings |
| 0:33 | Farm |
| 0:38 | Peasant |
| 0:38 | Peasant |
| 0:47 | Peasant |
| 0:52 | Peasant |
| 1:03 | Lumber Mill |
| 1:06 | Peasant |
| 1:12 | Barracks |
| 1:22 | Arcane Vault |
| 1:33 | Farm |
| 1:46 | Peasant |
| 1:51 | Farm |
| 1:55 | Peasant |
| 2:14 | Footman |
| 2:16 | Holy Light |
| 2:32 | Footman |
| 2:35 | Improved Lumber Harvesting |
| 2:56 | Footman |
| 3:01 | Peasant |
| 3:30 | Peasant |
| 3:31 | Peasant |
| 3:35 | Scout Tower |
| 4:00 | Arcane Tower |
| 4:01 | Peasant |
| 4:03 | Farm |
| 4:32 | Peasant |
| 4:43 | Divine Shield |
| 4:48 | Keep |
| 4:53 | Town Hall |
| 5:15 | Scout Tower |
| 5:16 | Scout Tower |
| 5:17 | Scout Tower |
| 5:29 | Farm |
| 5:32 | Blacksmith |
| 5:39 | Improved Masonry |
| 5:43 | Arcane Tower |
| 5:50 | Scroll of Regeneration |
| 5:57 | Footman |
| 6:09 | Farm |
| 6:15 | Guard Tower |
| 6:16 | Peasant |
| 6:16 | Peasant |
| 6:58 | Iron Plating |
| 7:13 | Castle |
| 7:15 | Workshop |
| 7:31 | Guard Tower |
| 7:33 | Scout Tower |
| 7:35 | Scout Tower |
| 7:36 | Farm |
| 7:36 | Farm |
| 7:39 | Peasant |
| 7:41 | Holy Light |
| 7:46 | Farm |
| 7:47 | Farm |
| 8:08 | Storm Bolt |
| 8:17 | Flying Machine |
| 8:18 | Flak Cannons |
| 8:20 | Advanced Lumber Harvesting |
| 8:28 | Periapt of Vitality |
| 8:42 | Flying Machine |
| 8:44 | Iron Forged Swords |
| 8:50 | Peasant |
| 8:50 | Peasant |
| 8:51 | Guard Tower |
| 8:58 | Boots of Speed |
| 8:59 | Dust of Appearance |
| 9:35 | Knight |
| 9:37 | Animal War Training |
| 9:52 | Flying Machine |
| 9:53 | Flying Machine Bombs |
| 9:55 | Peasant |
| 9:56 | Peasant |
| 9:56 | Peasant |
| 10:27 | Knight |
| 10:28 | Steel Plating |
| 10:35 | Arcane Sanctum |
| 10:38 | Peasant |
| 10:41 | Bash |
| 10:56 | Flying Machine |
| 10:58 | Knight |
| 11:00 | Black Gunpowder |
| 11:02 | Steel Forged Swords |
| 11:07 | Farm |
| 11:08 | Farm |
| 11:09 | Farm |
| 11:15 | Flying Machine |
| 11:35 | Advanced Masonry |
| 12:13 | Knight |
| 12:15 | Flying Machine |
| 12:15 | Flying Machine |
| 12:16 | Priest Adept Training |
| 12:16 | Priest |
| 12:17 | Magic Sentry |
| 13:29 | Flying Machine |
| 13:29 | Flying Machine |
| 13:31 | Mithril Plating |
| 13:34 | Orb of Fire |
| 13:38 | Scroll of Regeneration |
| 13:38 | Lesser Clarity Potion |
| 13:42 | Lesser Clarity Potion |
| 13:42 | Potion of Healing |
| 13:44 | Scroll of Regeneration |
| 13:46 | Scroll of Town Portal |
| 13:47 | Potion of Healing |
| 13:53 | Priest Master Training |
| 14:36 | Devotion Aura |
| 14:45 | Knight |
| 14:48 | Priest |
| 15:00 | Flying Machine |
| 15:03 | Mithril Forged Swords |
| 15:03 | Refined Gunpowder |
| 15:05 | Priest |
| 15:35 | Siege Engine |
| 15:36 | Barrage |
| 16:42 | Siege Engine |
| 16:51 | Farm |
| 16:53 | Control Magic |
| 17:04 | Orb of Fire |
| 17:05 | Potion of Healing |
| 17:29 | Scroll of Town Portal |
| 17:47 | Storm Bolt |
| 17:56 | Scout Tower |
| 17:58 | Scout Tower |
| 17:59 | Scout Tower |
| 19:51 | Guard Tower |
| 19:54 | Town Hall |
| 20:21 | Scout Tower |
| 20:24 | Scout Tower |
| 20:26 | Scout Tower |
| 20:33 | Siege Engine |
| 20:58 | Siege Engine |
| 20:59 | Guard Tower |
| 21:00 | Guard Tower |
| 21:01 | Guard Tower |
| 22:46 | Imbued Gunpowder |
| 22:48 | Imbued Masonry |
| 23:27 | Town Hall |
| 23:32 | Scout Tower |
| 23:33 | Scout Tower |
| 23:34 | Scout Tower |
| 23:35 | Scout Tower |
| 23:36 | Scout Tower |
| 23:51 | Bash |
| 24:01 | Guard Tower |
| 24:04 | Scout Tower |
| 24:04 | Scout Tower |
| 24:05 | Scout Tower |
| 24:05 | Scout Tower |
| 24:06 | Scout Tower |
| 24:16 | Scout Tower |
| 24:18 | Scout Tower |
| 24:18 | Scout Tower |
| 24:58 | Guard Tower |
| 26:08 | Devotion Aura |
| 26:55 | Scout Tower |
| 26:56 | Scout Tower |
| 26:56 | Scout Tower |
| 26:58 | Scout Tower |
| 26:58 | Scout Tower |
| 26:59 | Scout Tower |
| 27:00 | Scout Tower |
| 27:06 | Peasant |
| 27:06 | Peasant |
| 27:22 | Guard Tower |
| 29:24 | Guard Tower |
| 29:25 | Peasant |
| 29:51 | Peasant |
| 29:51 | Peasant |
| 29:52 | Peasant |
| 29:52 | Peasant |
| 29:53 | Guard Tower |
| 29:53 | Guard Tower |
| 30:17 | Dust of Appearance |
| 30:31 | Scout Tower |
| 30:34 | Scout Tower |
| 30:38 | Scout Tower |
| 30:38 | Scout Tower |
| 30:39 | Scout Tower |
| 30:40 | Scout Tower |
| 30:40 | Scout Tower |
| 30:58 | Guard Tower |
| 30:59 | Guard Tower |
| 31:03 | Guard Tower |
| 31:06 | Peasant |
| 31:25 | Staff of Teleportation |
| 31:42 | Mortar Team |
| 31:48 | Guard Tower |
| 32:54 | Storm Bolt |
| 33:00 | Town Hall |
| 33:01 | Scout Tower |
| 33:02 | Scout Tower |
| 33:02 | Scout Tower |
| 33:03 | Scout Tower |
| 33:03 | Scout Tower |
| 33:10 | Guard Tower |
| 34:16 | Town Hall |
| 34:18 | Guard Tower |
| 34:29 | Guard Tower |
| 34:44 | Scout Tower |
| 34:45 | Scout Tower |
| 34:46 | Scout Tower |
| 34:46 | Scout Tower |
| 35:52 | Guard Tower |
| 35:53 | Guard Tower |
| 35:54 | Guard Tower |
| 35:54 | Guard Tower |
| 35:57 | Guard Tower |
| 35:57 | Guard Tower |
| 35:59 | Guard Tower |
| 36:01 | Scout Tower |
| 36:02 | Scout Tower |
| 36:02 | Scout Tower |
| 36:03 | Scout Tower |
| 36:04 | Scout Tower |
| 36:04 | Scout Tower |
| 36:06 | Peasant |
| 36:06 | Peasant |
| 36:12 | Guard Tower |
| 36:19 | Peasant |
| 36:30 | Fragmentation Shards |
| 36:33 | Mortar Team |
| 37:06 | Mortar Team |
| 37:08 | Guard Tower |
| 37:10 | Guard Tower |
| 37:12 | Peasant |
| 37:14 | Peasant |
| 37:14 | Peasant |
| 37:18 | Scout Tower |
| 37:33 | Peasant |
| 37:33 | Peasant |
| 37:37 | Peasant |
| 37:37 | Peasant |
| 38:17 | Arcane Tower |
| 38:20 | Arcane Tower |
| 38:20 | Guard Tower |
| 38:51 | Scroll of Town Portal |
| 40:06 | Scroll of Regeneration |
| 40:08 | Lesser Clarity Potion |
| 40:27 | Guard Tower |
| 40:31 | Peasant |
| 40:31 | Peasant |
| 40:59 | Gryphon Aviary |
| 41:05 | Flying Machine |
| 41:06 | Flying Machine |
| 41:10 | Scroll of Regeneration |
| 41:12 | Lesser Clarity Potion |
| 42:59 | Resurrection |
| 43:17 | Siege Engine |
| 43:17 | Siege Engine |
| 43:20 | Flying Machine |
| 43:21 | Flying Machine |
| 43:21 | Flying Machine |
| 43:23 | Gryphon Rider |
| 43:23 | Gryphon Rider |
| 43:23 | Gryphon Rider |
| 43:24 | Storm Hammers |
| 43:27 | Gryphon Aviary |
| 43:30 | Studded Leather Armor |
| 43:34 | Scout Tower |
| 43:53 | Scroll of Town Portal |
| 43:57 | Potion of Lesser Invulnerability |
| 44:04 | Guard Tower |
| 44:15 | Flying Machine |
| 44:39 | Flying Machine |
| 44:39 | Flying Machine |
| 44:41 | Reinforced Leather Armor |
| 45:14 | Town Hall |
| 45:19 | Scout Tower |
| 45:20 | Scout Tower |
| 45:20 | Scout Tower |
| 45:21 | Scout Tower |
| 45:21 | Scout Tower |
| 45:23 | Scout Tower |
| 46:03 | Scout Tower |
| 46:04 | Scout Tower |
| 46:04 | Scout Tower |
| 46:24 | Gryphon Rider |
| 46:27 | Flying Machine |
| 46:27 | Flying Machine |
| 46:27 | Flying Machine |
| 46:42 | Scout Tower |
| 46:42 | Scout Tower |
| 47:06 | Dragonhide Armor |
| 47:58 | Guard Tower |
| 48:07 | Guard Tower |
| 48:18 | Avatar |
| 48:59 | Scroll of Regeneration |
| 49:02 | Scroll of Town Portal |
| 49:08 | Guard Tower |
| 49:09 | Peasant |
| 49:09 | Peasant |
| 49:46 | Potion of Mana |
| 49:49 | Lesser Clarity Potion |
| 50:23 | Town Hall |
| 51:21 | Town Hall |
| 51:23 | Guard Tower |
| 51:25 | Guard Tower |
| 51:26 | Guard Tower |
| 51:28 | Guard Tower |
| 51:31 | Peasant |
| 51:32 | Guard Tower |
| 54:50 | Flying Machine |
| 54:50 | Flying Machine |
| 54:50 | Flying Machine |
| 54:51 | Flying Machine |
| 55:15 | Flying Machine |
| 55:49 | Scroll of Regeneration |
| 55:50 | Lesser Clarity Potion |
| 56:00 | Flying Machine |
| 56:00 | Flying Machine |
| 56:00 | Flying Machine |
| 56:02 | Gryphon Rider |
| 56:02 | Gryphon Rider |
| 56:07 | Siege Engine |
| 57:03 | Bash |
| 59:41 | Lesser Clarity Potion |
| 60:38 | Gryphon Rider |
| 60:41 | Flying Machine |
| 60:41 | Flying Machine |
| 60:46 | Flying Machine |
| 61:56 | Knight |
| 61:56 | Knight |
| 62:07 | Lesser Clarity Potion |
| 63:21 | Potion of Lesser Invulnerability |
| 64:01 | Knight |
| 65:40 | Divine Shield |
| 66:19 | Siege Engine |
| 66:20 | Flying Machine |
| 67:26 | Knight |
| 67:27 | Flying Machine |
| 67:27 | Flying Machine |
| 67:27 | Flying Machine |
| 67:27 | Flying Machine |
| 67:28 | Flying Machine |
| 68:27 | Flying Machine |
| 69:52 | Scroll of Regeneration |
| 69:53 | Potion of Healing |
| 70:13 | Town Hall |
| 70:35 | Scroll of Town Portal |
| 70:36 | Scroll of Regeneration |
| 71:56 | Flying Machine |
| 71:56 | Flying Machine |
| 71:56 | Flying Machine |
| 71:57 | Flying Machine |
| 71:57 | Flying Machine |
| 71:58 | Flying Machine |
| 72:25 | Scout Tower |
| 72:28 | Scout Tower |
| Select group | 4066 |
| Right click | 3256 |
| Select | 1258 |
| Misc. action | 470 |
| Build/train/purchase | 317 |
| Use ability | 132 |
| Assign group | 52 |
| Minimap ping | 19 |
| Item give/drop | 12 |
| Resource trade | 5 |


| Scroll of Regeneration | 1 | 100 |
| Lesser Clarity Potion | 7 | 490 |
| Orb of Fire | 1 | 325 |
| Potion of Mana | 1 | 200 |
| Potion of Healing | 1 | 150 |
| Scroll of Town Portal | 1 | 350 |
| Staff of Teleportation | 1 | 150 |
| Boots of Speed | 1 | 250 |
| total: | 14 | 2015g |
| Peasant | 11 | 825 | / | 0 |
| Rifleman | 3 | 615 | / | 90 |
| Siege Engine | 1 | 195 | / | 60 |
| Flying Machine | 90 | 9000 | / | 2700 |
| Mortar Team | 5 | 900 | / | 350 |
| total: | 110 | 11535g | / | 3200w |
| Scout Tower | 3 | 90 | / | 60 |
| Arcane Tower | 1 | 70 | / | 50 |
| Guard Tower | 1 | 70 | / | 50 |
| Altar of Kings | 1 | 180 | / | 50 |
| Farm | 6 | 480 | / | 120 |
| Barracks | 1 | 160 | / | 60 |
| Lumber Mill | 1 | 120 | / | 0 |
| Arcane Vault | 1 | 130 | / | 30 |
| Blacksmith | 1 | 140 | / | 60 |
| Town Hall | 1 | 385 | / | 205 |
| Workshop | 2 | 280 | / | 280 |
| Keep | 2 | 640 | / | 420 |
| Castle | 2 | 720 | / | 420 |
| total: | 17 | 1965g | / | 865w |
| 0:03 | Peasant |
| 0:03 | Peasant |
| 0:03 | Peasant |
| 0:07 | Altar of Kings |
| 0:11 | Farm |
| 0:32 | Barracks |
| 0:45 | Peasant |
| 1:10 | Lumber Mill |
| 1:40 | Arcane Vault |
| 2:16 | Summon Water Elemental |
| 2:24 | Improved Lumber Harvesting |
| 2:38 | Keep |
| 2:56 | Farm |
| 3:23 | Blacksmith |
| 4:23 | Scroll of Regeneration |
| 4:24 | Lesser Clarity Potion |
| 4:42 | Scout Tower |
| 5:41 | Castle |
| 5:49 | Scout Tower |
| 5:58 | Rifleman |
| 5:59 | Rifleman |
| 6:21 | Scout Tower |
| 6:23 | Arcane Tower |
| 6:35 | Black Gunpowder |
| 6:50 | Guard Tower |
| 6:55 | Brilliance Aura |
| 7:30 | Advanced Lumber Harvesting |
| 7:49 | Workshop |
| 8:33 | Rifleman |
| 8:38 | Farm |
| 8:58 | Farm |
| 9:45 | Farm |
| 10:14 | Peasant |
| 10:14 | Peasant |
| 10:41 | Siege Engine |
| 11:06 | Flying Machine |
| 11:06 | Flying Machine |
| 11:07 | Flying Machine |
| 11:08 | Flying Machine |
| 11:08 | Flying Machine |
| 11:09 | Flying Machine |
| 11:10 | Flying Machine |
| 11:36 | Flak Cannons |
| 11:45 | Lesser Clarity Potion |
| 11:48 | Scroll of Town Portal |
| 13:24 | Flying Machine Bombs |
| 13:27 | Flying Machine |
| 13:27 | Flying Machine |
| 13:28 | Flying Machine |
| 13:28 | Flying Machine |
| 13:32 | Refined Gunpowder |
| 13:37 | Iron Plating |
| 13:55 | Workshop |
| 14:14 | Peasant |
| 14:40 | Flying Machine |
| 14:41 | Flying Machine |
| 14:47 | Farm |
| 15:17 | Flying Machine |
| 15:18 | Flying Machine |
| 15:54 | Town Hall |
| 16:19 | Lesser Clarity Potion |
| 17:29 | Flying Machine |
| 17:29 | Flying Machine |
| 17:29 | Flying Machine |
| 17:30 | Flying Machine |
| 17:31 | Flying Machine |
| 17:32 | Flying Machine |
| 17:32 | Flying Machine |
| 17:47 | Flying Machine |
| 17:48 | Flying Machine |
| 17:48 | Flying Machine |
| 18:52 | Peasant |
| 19:05 | Breath of Fire |
| 19:18 | Improved Masonry |
| 19:21 | Peasant |
| 19:22 | Peasant |
| 19:22 | Peasant |
| 19:51 | Flying Machine |
| 19:51 | Flying Machine |
| 19:51 | Flying Machine |
| 19:52 | Flying Machine |
| 19:53 | Flying Machine |
| 19:53 | Flying Machine |
| 21:10 | Flying Machine |
| 21:10 | Flying Machine |
| 21:10 | Flying Machine |
| 21:12 | Flying Machine |
| 21:13 | Flying Machine |
| 21:50 | Keep |
| 22:04 | Blizzard |
| 22:49 | Flying Machine |
| 22:49 | Flying Machine |
| 22:51 | Flying Machine |
| 22:51 | Flying Machine |
| 22:51 | Flying Machine |
| 22:52 | Flying Machine |
| 23:13 | Imbued Gunpowder |
| 24:18 | Flying Machine |
| 24:19 | Flying Machine |
| 24:19 | Flying Machine |
| 24:19 | Flying Machine |
| 24:20 | Flying Machine |
| 24:21 | Flying Machine |
| 24:21 | Flying Machine |
| 25:29 | Flying Machine |
| 25:29 | Flying Machine |
| 25:30 | Flying Machine |
| 25:31 | Flying Machine |
| 25:31 | Flying Machine |
| 25:32 | Flying Machine |
| 26:11 | Flying Machine |
| 26:43 | Staff of Teleportation |
| 26:43 | Boots of Speed |
| 26:50 | Flying Machine |
| 26:50 | Flying Machine |
| 26:51 | Flying Machine |
| 26:51 | Flying Machine |
| 26:51 | Flying Machine |
| 26:51 | Flying Machine |
| 26:53 | Flying Machine |
| 26:53 | Flying Machine |
| 26:53 | Flying Machine |
| 26:54 | Flying Machine |
| 26:54 | Flying Machine |
| 26:54 | Flying Machine |
| 26:54 | Flying Machine |
| 26:54 | Flying Machine |
| 26:55 | Flying Machine |
| 26:56 | Flying Machine |
| 27:57 | Castle |
| 28:01 | Lesser Clarity Potion |
| 28:01 | Orb of Fire |
| 29:13 | Fragmentation Shards |
| 29:13 | Mortar Team |
| 29:14 | Mortar Team |
| 29:15 | Mortar Team |
| 29:17 | Mortar Team |
| 29:17 | Mortar Team |
| 29:55 | Lesser Clarity Potion |
| 30:03 | Flying Machine |
| 30:35 | Lesser Clarity Potion |
| 30:36 | Potion of Mana |
| 31:35 | Drunken Brawler |
| 33:59 | Flying Machine |
| 33:59 | Flying Machine |
| 33:59 | Flying Machine |
| 33:59 | Flying Machine |
| 33:59 | Flying Machine |
| 34:01 | Flying Machine |
| 34:02 | Flying Machine |
| 34:02 | Flying Machine |
| 34:02 | Flying Machine |
| 34:02 | Flying Machine |
| 34:02 | Flying Machine |
| 34:11 | Lesser Clarity Potion |
| 35:18 | Potion of Healing |
| 36:34 | Flying Machine |
| 36:34 | Flying Machine |
| 36:34 | Flying Machine |
| 36:34 | Flying Machine |
| 38:23 | Brilliance Aura |
| 39:26 | Flying Machine |
| 39:27 | Flying Machine |
| 39:41 | Breath of Fire |
| Right click | 1756 |
| Select | 680 |
| Build/train/purchase | 205 |
| Select group | 66 |
| Use ability | 40 |
| Assign group | 13 |
| Misc. action | 4 |
| Minimap ping | 3 |
| Item give/drop | 1 |
| Remove unit | 1 |
| Esc | 1 |


| Potion of Healing | 5 | 750 |
| Scroll of Regeneration | 2 | 200 |
| Scroll of Town Portal | 16 | 5600 |
| Potion of Lesser Invulnerability | 3 | 450 |
| total: | 26 | 7000g |
| Peasant | 39 | 2925 | / | 0 |
| Footman | 5 | 675 | / | 0 |
| Rifleman | 8 | 1640 | / | 240 |
| Mortar Team | 10 | 1800 | / | 700 |
| Flying Machine | 5 | 500 | / | 150 |
| Siege Engine | 34 | 6630 | / | 2040 |
| total: | 101 | 14170g | / | 3130w |
| Scout Tower | 5 | 150 | / | 100 |
| Guard Tower | 4 | 280 | / | 200 |
| Arcane Tower | 1 | 70 | / | 50 |
| Altar of Kings | 2 | 360 | / | 100 |
| Farm | 12 | 960 | / | 240 |
| Barracks | 2 | 320 | / | 120 |
| Lumber Mill | 1 | 120 | / | 0 |
| Arcane Vault | 1 | 130 | / | 30 |
| Blacksmith | 1 | 140 | / | 60 |
| Town Hall | 9 | 3465 | / | 1845 |
| Workshop | 2 | 280 | / | 280 |
| Keep | 1 | 320 | / | 210 |
| Castle | 1 | 360 | / | 210 |
| total: | 35 | 5925g | / | 2775w |
| 0:11 | Peasant |
| 0:11 | Peasant |
| 0:18 | Altar of Kings |
| 0:24 | Farm |
| 0:31 | Barracks |
| 0:34 | Peasant |
| 1:01 | Farm |
| 1:03 | Peasant |
| 1:04 | Peasant |
| 1:28 | Lumber Mill |
| 1:34 | Footman |
| 1:48 | Peasant |
| 1:54 | Farm |
| 1:58 | Footman |
| 2:13 | Scout Tower |
| 2:18 | Footman |
| 2:24 | Summon Water Elemental |
| 2:34 | Arcane Vault |
| 2:39 | Peasant |
| 2:59 | Scout Tower |
| 3:01 | Guard Tower |
| 3:06 | Scout Tower |
| 3:08 | Peasant |
| 3:31 | Footman |
| 3:34 | Guard Tower |
| 3:42 | Arcane Tower |
| 3:50 | Blacksmith |
| 4:05 | Brilliance Aura |
| 4:07 | Peasant |
| 4:10 | Footman |
| 4:13 | Improved Lumber Harvesting |
| 4:16 | Improved Masonry |
| 4:42 | Keep |
| 5:22 | Farm |
| 5:25 | Iron Plating |
| 6:11 | Scout Tower |
| 6:23 | Town Hall |
| 6:31 | Rifleman |
| 6:31 | Rifleman |
| 6:55 | Guard Tower |
| 7:13 | Scout Tower |
| 7:16 | Peasant |
| 7:16 | Peasant |
| 7:16 | Peasant |
| 7:16 | Peasant |
| 7:22 | Farm |
| 7:26 | Potion of Lesser Invulnerability |
| 7:58 | Scroll of Town Portal |
| 8:13 | Workshop |
| 8:21 | Guard Tower |
| 8:25 | Peasant |
| 8:36 | Potion of Healing |
| 9:11 | Farm |
| 9:18 | Black Arrow |
| 9:33 | Mortar Team |
| 9:33 | Mortar Team |
| 9:43 | Advanced Lumber Harvesting |
| 10:29 | Black Gunpowder |
| 10:30 | Studded Leather Armor |
| 10:32 | Rifleman |
| 10:32 | Long Rifles |
| 11:09 | Summon Water Elemental |
| 11:37 | Mortar Team |
| 11:37 | Mortar Team |
| 11:44 | Farm |
| 12:03 | Castle |
| 12:06 | Rifleman |
| 12:06 | Rifleman |
| 12:28 | Farm |
| 14:08 | Farm |
| 14:11 | Rifleman |
| 14:11 | Rifleman |
| 14:13 | Refined Gunpowder |
| 14:14 | Reinforced Leather Armor |
| 14:16 | Mortar Team |
| 14:16 | Mortar Team |
| 14:33 | Peasant |
| 14:33 | Peasant |
| 14:43 | Life Drain |
| 14:51 | Farm |
| 15:22 | Flying Machine |
| 15:22 | Flying Machine |
| 15:22 | Flying Machine |
| 15:22 | Flying Machine |
| 15:23 | Flying Machine |
| 15:23 | Flak Cannons |
| 15:29 | Advanced Masonry |
| 15:49 | Scroll of Town Portal |
| 15:55 | Scroll of Town Portal |
| 16:06 | Barrage |
| 16:12 | Siege Engine |
| 16:12 | Siege Engine |
| 16:46 | Town Hall |
| 16:56 | Imbued Masonry |
| 17:38 | Town Hall |
| 19:18 | Peasant |
| 19:18 | Peasant |
| 19:26 | Scroll of Town Portal |
| 21:43 | Town Hall |
| 22:20 | Peasant |
| 22:20 | Peasant |
| 23:11 | Siege Engine |
| 23:46 | Scroll of Town Portal |
| 23:47 | Scroll of Town Portal |
| 24:00 | Siege Engine |
| 25:33 | Farm |
| 25:41 | Siege Engine |
| 25:41 | Siege Engine |
| 25:45 | Imbued Gunpowder |
| 25:46 | Dragonhide Armor |
| 26:19 | Farm |
| 27:39 | Siege Engine |
| 27:42 | Rifleman |
| 28:19 | Barracks |
| 28:23 | Workshop |
| 29:05 | Brilliance Aura |
| 29:27 | Siege Engine |
| 29:28 | Siege Engine |
| 29:30 | Mortar Team |
| 29:30 | Fragmentation Shards |
| 29:31 | Flare |
| 29:31 | Mortar Team |
| 29:43 | Black Arrow |
| 30:26 | Mortar Team |
| 30:29 | Mortar Team |
| 31:06 | Scroll of Town Portal |
| 31:36 | Peasant |
| 31:36 | Peasant |
| 31:37 | Peasant |
| 31:37 | Peasant |
| 31:37 | Peasant |
| 31:37 | Peasant |
| 32:33 | Siege Engine |
| 32:49 | Scroll of Town Portal |
| 34:11 | Town Hall |
| 34:49 | Siege Engine |
| 35:55 | Siege Engine |
| 35:55 | Siege Engine |
| 37:43 | Town Hall |
| 39:19 | Altar of Kings |
| 39:54 | Siege Engine |
| 40:16 | Siege Engine |
| 40:49 | Siege Engine |
| 40:49 | Siege Engine |
| 41:15 | Siege Engine |
| 41:50 | Town Hall |
| 42:08 | Siege Engine |
| 42:29 | Siege Engine |
| 42:29 | Siege Engine |
| 43:19 | Scroll of Town Portal |
| 44:56 | Peasant |
| 44:56 | Peasant |
| 45:21 | Peasant |
| 45:46 | Scroll of Town Portal |
| 45:53 | Potion of Lesser Invulnerability |
| 46:53 | Siege Engine |
| 46:53 | Siege Engine |
| 46:59 | Peasant |
| 47:25 | Peasant |
| 47:30 | Scroll of Regeneration |
| 47:31 | Potion of Healing |
| 48:04 | Siege Engine |
| 48:15 | Peasant |
| 48:18 | Peasant |
| 48:50 | Scroll of Town Portal |
| 49:09 | Scroll of Town Portal |
| 49:18 | Siege Engine |
| 49:48 | Peasant |
| 49:52 | Siege Engine |
| 50:25 | Potion of Healing |
| 51:03 | Town Hall |
| 51:12 | Peasant |
| 51:13 | Peasant |
| 51:13 | Peasant |
| 51:13 | Peasant |
| 51:19 | Siege Engine |
| 51:19 | Siege Engine |
| 51:53 | Siege Engine |
| 51:54 | Siege Engine |
| 51:54 | Siege Engine |
| 52:27 | Siege Engine |
| 53:27 | Scroll of Town Portal |
| 53:28 | Potion of Lesser Invulnerability |
| 53:32 | Scroll of Town Portal |
| 54:09 | Town Hall |
| 54:24 | Siege Engine |
| 54:26 | Siege Engine |
| 55:24 | Scroll of Regeneration |
| 55:25 | Potion of Healing |
| 55:39 | Scroll of Town Portal |
| 56:44 | Peasant |
| 58:56 | Scroll of Town Portal |
| 59:02 | Potion of Healing |
| 60:15 | Summon Water Elemental |
| Right click | 1550 |
| Select | 636 |
| Build/train/purchase | 213 |
| Select group | 36 |
| Use ability | 24 |
| Misc. action | 12 |
| Remove unit | 6 |
| Assign group | 4 |
| Item give/drop | 2 |